 Dungeon Crawl Stone Soup version 0.28.0-1-gb440e238dd (webtiles) character file.

Game seed: 1038476870164083442

9808 SweetAndFullOfGrace the Severer (level 11, -5/97 HPs)
             Began as a Minotaur Berserker on Feb 19, 2022.
             Was a High Priest of Trog.
             Slain by a sixfirhy (6 damage)
             ... on level 2 of the Abyss on Feb 20, 2022.
             The game lasted 00:34:08 (13845 turns).

SweetAndFullOfGrace the Severer (MiBe)             Turns: 13845, Time: 00:34:09

Health: -5/97      AC: 13    Str: 26    XL:     11   Next: 27%
Magic:  10/10      EV: 11    Int:  6    God:    Trog [*****.]
Gold:   560        SH:  5    Dex: 12    Spells: 10/10 levels left

rFire   + . .      SeeInvis .   k - +8 executioner's axe "Ufog" {vorpal, Dex+2}
rCold   + . .      Faith    .   (shield currently unavailable)
rNeg    . . .      Spirit   .   D - +0 chain mail
rPois   .          Reflect  +   (helmet restricted)
rElec   .          Harm     .   s - +0 cloak
rCorr   .          Rampage  .   q - +0 pair of gloves
Will    .....                   (no boots)
Stlth   ..........              r - amulet of reflection
HPRegen 0.00/turn               I - ring of protection from fire
MPRegen 0.12/turn               (no ring)

@: sick, studying Dodging
A: horns 2, retaliatory headbutt, clever 1, cold resistance 1, screaming 1
a: Renounce Religion, Berserk, Trog's Hand, Brothers in Arms


You were on level 2 of the Abyss.
You worshipped Trog.
Trog was extremely pleased with you.
You visited 2 branches of the dungeon, and saw 10 of its levels.
You visited the Abyss 1 time.
You also visited: Sewer.

You collected 646 gold pieces.
You spent 86 gold pieces at shops.

Inventory:

Hand Weapons
 a - a +0 hand axe
 k - the +8 executioner's axe "Ufog" (weapon) {vorpal, Dex+2}
   (Trog gifted it to you on level 7 of the Dungeon)

   It inflicts extra damage upon your enemies.
   Dex:       It affects your dexterity (+2).
 G - a +0 battleaxe
 K - a +1 scimitar of flaming
Missiles
 c - 111 bolts
 d - 8 boomerangs
 e - 177 stones (quivered)
 g - 45 poisoned darts
 n - 142 arrows
 o - 127 sling bullets
 y - a throwing net
 B - 3 atropa-tipped darts
 E - 3 boomerangs of dispersal
Armour
 p - a +0 troll leather armour {Pargi}
 q - a +0 pair of gloves (worn)
 s - a +0 cloak (worn)
 D - a +0 chain mail (worn)
 H - a +0 plate armour
Jewellery
 r - an amulet of reflection (around neck)
 I - a ring of protection from fire (left hand)
Wands
 b - a wand of paralysis (10)
 v - a wand of iceblast (4)
 F - a wand of flame (25)
Scrolls
 i - 3 scrolls of blinking
 j - 3 scrolls of teleportation
 m - 2 scrolls of fear
 w - a scroll of vulnerability
 J - a scroll of magic mapping {unknown}
Potions
 f - 3 potions of heal wounds
 h - 4 potions of attraction {unknown}
 l - 3 potions of haste {unknown}
 t - a potion of magic
 u - a potion of invisibility {unknown}
 x - a potion of might {unknown}
 z - 2 potions of ambrosia
 A - a potion of flight {unknown}
 C - 2 potions of lignification


   Skills:
 - Level 9.0 Fighting
 * Level 17.2 Axes
 - Level 7.0 Armour
 - Level 7.1 Dodging


You had 10 spell levels left.
You didn't know any spells.
Your spell library was empty.

Dungeon Overview and Level Annotations

Branches:
Dungeon (9/15)             Temple (1/1) D:5           Sewer (visited)
   Lair: D:8-11         Orc: D:9-12

Altars:
Ashenzari
Cheibriados
Dithmenos
Elyvilon
Fedhas
Gozag
Hepliaklqana
Kikubaaqudgha
Nemelex Xobeh
Okawaru
Ru
Sif Muna
Trog
Uskayaw
Vehumet
Wu Jian
Xom
Yredelemnul
Zin
The Shining One

Shops:
D:1 :   D:2 (   D:3 *

Annotations:
D:8 1 runed translucent door, Selrock's ghost, novice TrBe
D:9 Erolcha


Innate Abilities, Weirdness & Mutations

You have a pair of horns on your head.
You reflexively headbutt those who attack you in melee.
Your mind is acute. (Int +2)
Your flesh is cold resistant. (rC+)
You occasionally shout uncontrollably at your foes.


Message History

You carve the ancient zyme like a ham!!!
You destroy the ancient zyme!
That felt strangely unrewarding.
You slice the apocalypse crab!!
You headbutt the apocalypse crab, but do no damage.
The apocalypse crab is severely wounded.
A sixfirhy comes into view.
The apocalypse crab closely misses you. You furiously retaliate!
You headbutt the apocalypse crab, but do no damage.
You block the apocalypse crab's attack.
You barely miss the apocalypse crab.
You headbutt the apocalypse crab, but do no damage.
The apocalypse crab is severely wounded.
The sixfirhy hits you but does no damage.
The sixfirhy closely misses you.
You slash the sixfirhy!
The sixfirhy is moderately wounded.
You slash the small abomination! The small abomination misses you.
You furiously retaliate!
You headbutt the small abomination!
You destroy the small abomination!
That felt strangely unrewarding.
The apocalypse crab barely misses you. The apocalypse crab claws you!
The apocalypse crab freezes you! You resist.
You slash the apocalypse crab!
You headbutt the apocalypse crab, but do no damage.
The apocalypse crab is almost dead.
You barely miss the sixfirhy.
The apocalypse crab bites you but does no damage.
The apocalypse crab closely misses you. The sixfirhy hits you.
The sixfirhy shocks you!
You slash the apocalypse crab!
You kill the apocalypse crab!
That felt strangely unrewarding.
You slash the sixfirhy! The sixfirhy hits you. The sixfirhy shocks you!
* * * LOW HITPOINT WARNING * * *
The sixfirhy hits you.
* * * LOW HITPOINT WARNING * * *
The sixfirhy shocks you!
* * * LOW HITPOINT WARNING * * *
The sixfirhy hits you.
You die...

## .. .# ## #.#
. # ..#.##
...##
..#.###..# .
###3†.#.#.#...#
#..@.......#...
#..#.##..#....
#.#..X.#...###
..#..#....#. .#
### #..##...# #
.. #.##
...#.#.. .. ##
#.#....# .#####
##....#.#
........... ..#
..


You could see a tentacled starspawn and a sixfirhy.

Vanquished Creatures
  Erica (D:8)
  A two-headed ogre (D:9)
  An apocalypse crab (Abyss:2)
  A hellion (Abyss:2)
  An ancient zyme (Abyss:2)
  A komodo dragon (D:9)
  A troll (D:6)
  Grinder (D:6)
  Prince Ribbit (D:6)
  10 yaks (D:9)
  Grum (D:8)
  3 wyverns
  A steam dragon (D:7)
  3 wargs (D:6)
  An acid dragon (D:9)
  A water moccasin (D:8)
  4 orc warriors (D:6)
  Pargi (Sewer)
  3 black bears
  A necrophage (D:4)
  A sky beast (D:7)
  3 ogres
  4 wolves (D:8)
  A small abomination (Abyss:2)
  3 centaurs
  2 phantoms
  4 kobold brigands
  A bullfrog (D:7)
  3 gnoll sergeants
  A scorpion (D:7)
  2 wyvern zombies
  A water moccasin zombie (D:5)
  5 wights (D:8)
  10 howler monkeys
  4 electric eels
  A bullfrog zombie (D:4)
  2 centaur zombies
  A bullfrog skeleton (D:6)
  10 hounds
  A jelly (D:6)
  3 gnoll shamans
  7 orc priests
  4 centaur skeletons
  18 orc wizards
  2 howler monkey zombies (D:8)
  A howler monkey skeleton (D:4)
  20 gnolls
  11 adders
  A river rat (D:3)
  An ufetubus (D:5)
  2 worms (D:3)
  2 dart slugs
  23 orcs
  8 endoplasms
  4 giant cockroaches
  6 goblins
  8 hobgoblins
  7 jackals (D:3)
  19 kobolds
  5 quokkas
  14 ball pythons
  4 bats (Sewer)
  15 frilled lizards
  8 rats
291 creatures vanquished.

Vanquished Creatures (others)
  Maurice (D:8)
  An ufetubus (D:7)
  18 plants
20 creatures vanquished.

Grand Total: 311 creatures vanquished

Notes
Turn   | Place    | Note
-------+----------+-------------------------------------------
     0 | D:1      | SweetAndFullOfGrace the Minotaur Berserker began the quest
                  | for the Orb.
     0 | D:1      | Reached XP level 1. HP: 19/19 MP: 0/0
    42 | D:1      | Found Deezuwi's Book Shoppe.
    83 | D:1      | Reached skill level 4 in Axes
   105 | D:1      | Reached XP level 2. HP: 7/26 MP: 1/1
   792 | D:1      | Reached skill level 5 in Axes
  1112 | D:1      | Reached XP level 3. HP: 31/31 MP: 2/2
  1193 | D:1      | Reached ** piety under Trog
  1314 | D:2      | Found a faded altar of an unknown god.
  1805 | D:2      | Found Didikk's Weapon Boutique.
  2435 | D:3      | Reached XP level 4. HP: 39/39 MP: 3/3
  2444 | D:3      | Reached skill level 6 in Axes
  2467 | D:3      | Found a glowing drain.
  2524 | Sewer    | Entered a sewer
  2535 | Sewer    | Reached *** piety under Trog
  2701 | Sewer    | Noticed Pargi
  2709 | Sewer    | Killed Pargi
  2710 | Sewer    | Reached skill level 4 in Fighting
  2710 | Sewer    | Reached skill level 7 in Axes
  2710 | Sewer    | Reached XP level 5. HP: 47/47 MP: 4/4
  2843 | D:3      | Reached XP level 6. HP: 23/55 MP: 5/5
  3052 | D:3      | Found an iron altar of Okawaru.
  3147 | D:3      | Reached skill level 5 in Fighting
  3429 | D:3      | Found Archir's Assorted Antiques.
  3437 | D:3      | Bought a pink potion for 20 gold pieces
  3437 | D:3      | Bought a scroll labelled ZAJADAHENETT for 23 gold pieces
  3437 | D:3      | Bought a cyan potion for 20 gold pieces
  3437 | D:3      | Bought a scroll labelled RUFYJUU EWNOK ZUMP for 23 gold
                  | pieces
  3508 | D:3      | Found a hide-covered altar of Uskayaw.
  3675 | D:4      | Reached skill level 8 in Axes
  3972 | D:4      | Reached XP level 7. HP: 54/62 MP: 6/6
  4660 | D:5      | Entered Level 5 of the Dungeon
  4660 | D:5      | You fall into a shaft and drop 2 floors!
  4709 | D:7      | Reached skill level 6 in Fighting
  4709 | D:7      | Reached skill level 9 in Axes
  4911 | D:7      | Noticed a steam dragon
  5209 | D:7      | Reached **** piety under Trog
  5218 | D:7      | Reached skill level 3 in Armour
  5344 | D:7      | Reached skill level 3 in Dodging
  5456 | D:7      | Reached XP level 8. HP: 67/71 MP: 7/7
  5632 | D:5      | Reached skill level 10 in Axes
  5747 | D:5      | Found a sparkling altar of Nemelex Xobeh.
  5796 | D:5      | Reached skill level 4 in Armour
  5985 | D:5      | Reached skill level 7 in Fighting
  5991 | D:5      | Reached skill level 4 in Dodging
  6048 | D:5      | Found a transporter.
  6122 | D:5      | Found a basalt altar of Yredelemnul.
  6173 | D:5      | Found a bloodstained altar of Trog.
  6237 | D:5      | Found a transporter.
  6304 | D:5      | Reached skill level 11 in Axes
  6304 | D:5      | Reached skill level 5 in Armour
  6546 | D:5      | Found a staircase to the Ecumenical Temple.
  6556 | Temple   | Entered the Ecumenical Temple
  7073 | D:6      | Gained mutation: You occasionally shout uncontrollably at
                  | your foes. [potion of mutation]
  7073 | D:6      | Gained mutation: You are strong-willed. (Will+) [potion of
                  | mutation]
  7073 | D:6      | Gained mutation: You are resistant to electric shocks.
                  | (rElec) [potion of mutation]
  7074 | D:6      | Lost mutation: You are resistant to electric shocks.
                  | (rElec) [potion of mutation]
  7074 | D:6      | Lost mutation: You are strong-willed. (Will+) [potion of
                  | mutation]
  7074 | D:6      | Gained mutation: Your flesh is cold resistant. (rC+)
                  | [potion of mutation]
  7074 | D:6      | Gained mutation: Your mind is acute. (Int +2) [potion of
                  | mutation]
  7096 | D:6      | Found a radiant altar of Vehumet.
  7099 | D:6      | Noticed Grinder
  7115 | D:6      | Killed Grinder
  7116 | D:6      | Reached XP level 9. HP: 80/80 MP: 8/8
  7372 | D:6      | Reached skill level 5 in Dodging
  7417 | D:6      | Noticed a troll
  7429 | D:6      | Killed a troll
  7430 | D:6      | Reached skill level 8 in Fighting
  7594 | D:6      | Reached skill level 6 in Armour
  7675 | D:6      | Reached skill level 12 in Axes
  7981 | D:6      | Found a radiant altar of Vehumet.
  8091 | D:6      | Reached skill level 6 in Dodging
  8691 | D:6      | Reached XP level 10. HP: 53/90 MP: 9/9
  8970 | D:6      | Reached ***** piety under Trog
  9005 | D:6      | Reached skill level 7 in Dodging
  9228 | D:6      | Reached skill level 9 in Fighting
  9228 | D:6      | Reached skill level 7 in Armour
  9315 | D:6      | Reached skill level 13 in Axes
  9746 | D:7      | Noticed Prince Ribbit
  9762 | D:6      | Killed Prince Ribbit
 10211 | D:7      | Identified the +8 executioner's axe "Ufog" {vorpal, Dex+2}
                  | (Trog gifted it to you on level 7 of the Dungeon)
 10211 | D:7      | Received a gift from Trog
 10541 | D:8      | Noticed Grum
 10555 | D:8      | Killed Grum
 10556 | D:8      | Reached skill level 14 in Axes
 10558 | D:8      | Noticed Maurice
 10563 | D:8      | HP: 8/91 [wolf[Grum] (5)]
 10837 | D:8      | Killed Maurice
 11013 | D:8      | Noticed Erica
 11037 | D:8      | HP: 13/136 [poisoned by Erica (bolt of poison)]
 11042 | D:8      | Killed Erica
 11043 | D:8      | Reached skill level 15 in Axes
 11392 | D:8      | Found a hazy altar of Hepliaklqana.
 11705 | D:8      | Found a glowing golden altar of the Shining One.
 11852 | D:8      | Found a runed translucent door.
 11927 | D:8      | Noticed Selrock's ghost (novice TrBe)
 12189 | D:8      | Found a sacrificial altar of Ru.
 12594 | D:9      | Noticed a two-headed ogre
 12608 | D:9      | Killed a two-headed ogre
 12609 | D:9      | Reached skill level 16 in Axes
 12823 | D:9      | Reached XP level 11. HP: 18/97 MP: 10/10
 12826 | D:9      | HP: 9/97 [gnoll (6)]
 13506 | D:9      | Reached skill level 17 in Axes
 13564 | D:9      | Noticed Erolcha
 13786 | D:9      | You are cast into the Abyss!
 13786 | D:9      | Cast into level 2 of the Abyss (Erolcha)
 13839 | Abyss:2  | Noticed a tentacled starspawn
 13841 | Abyss:2  | Noticed a sixfirhy
 13845 | Abyss:2  | HP: 1/97 [sixfirhy (12)]
 13845 | Abyss:2  | Slain by a sixfirhy

Illustrated notes

Levels and vault maps discovered:
D:1:      mrwooster_arrival_arrow, layout_basic, serial_shops, shop
D:2:      layout_basic, serial_shops, nicolae_shop_advertising_works
          [nicolae_subvault_shop_adworks],
          dreamdust_ecumenical_altar_angels_and_demons, minmay_lizard_king
D:3:      layout_loops_cross, mainiacjoe_overflow_catwalk,
          mainiacjoe_overflow_chevrons, cheibrodos_sewer_entry_sluice,
          serial_shops, nicolae_shop_temple_entry_statues_fountains, st_stairs_6
D:4:      layout_basic
D:5:      gammafunk_steamed_eel, layout_basic, amcnicky_altar_gilded,
          mainiacjoe_overflow_small_starburst, lemuel_tele_altar,
          nicolae_overflow_hidden_temple, minmay_temple_entry_proselytizer,
          st_stairs_7
D:6:      lemuel_castle_with_subvaults [lemuel_castle_interior_carwin_2],
          layout_rooms, nicolae_vehumet_radiance, minmay_hedge_maze,
          kennysheep_flooded_box, uniq_grinder
D:7:      layout_loops_corners, uniq_prince_ribbit1
D:8:      layout_loops_ring, nicolae_hepliaklqana_hazy_memory,
          lemuel_coloured_pillars_altar, mainiacjoe_overflow_boulevard,
          ebering_ghost_reflecting_pool, kennysheep_another_room, uniq_maurice,
          uniq_erica, uniq_grum
D:9:      layout_basic, erik_lair_dragon, uniq_erolcha, uniq_harold
Temple:   minmay_temple_curvy_loop
Abyss:2:  base:
D:6

Skill      XL: |  1  2  3  4  5  6  7  8  9 10 11 |
---------------+----------------------------------+-----
Axes           | 4 5 7 8 9 11 12 16 17 | 17.2
Fighting       | 4 5 6 7 8 9 |  9.0
Armour         | 3 5 6 7 |  7.0
Dodging        | 3 4 6 7 |  7.1

Action                   |  1- 3 |  4- 6 |  7- 9 | 10-12 || total
-------------------------+-------+-------+-------+-------++-------
Melee: Hand axe          |   103 |   137 |   361 |    32 ||   633
       Headbutt          |    12 |    22 |    69 |    45 ||   148
       Punch             |     2 |     2 |    11 |       ||    15
       Battleaxe         |       |       |       |   176 ||   176
       Executioner's axe |       |       |       |    46 ||    46
Throw: Dart              |       |       |       |     1 ||     1
Invok: Berserk           |     1 |     1 |     3 |     1 ||     6
       Trog's Hand       |       |       |       |     1 ||     1
Evoke: Wand              |       |       |     3 |     1 ||     4
  Use: Potion            |       |     1 |     2 |     3 ||     6
       Scroll            |       |     3 |     5 |     5 ||    13
 Stab: Paralysed         |       |       |     9 |       ||     9
Armor: Animal skin       |     3 |       |       |       ||     3
       Ring mail         |    29 |    35 |     8 |       ||    72
       Chain mail        |       |       |    95 |   112 ||   207
Dodge: Dodged            |    64 |    65 |    86 |   112 ||   327
Block: Other             |       |    16 |    58 |    42 ||   116
       Reflection        |       |       |       |     5 ||     5

Table legend: (Time is in decaauts)
 A = Elapsed time spent in this place.
 B = Non-inter-level travel time spent in this place.
 C = Inter-level travel time spent in this place.
 D = Time resting spent in this place.
 E = Time spent auto-exploring this place.
 F = Levels seen in this place.
 G = Mean time per level.
                   A        B        C        D        E       F      G
               +--------+--------+--------+--------+--------+-----+--------+
         Total |  13814 |  13447 |    367 |   2486 |   8428 |  12 | 1151.2 |
       Dungeon |  13292 |  12948 |    344 |   2486 |   8076 |   9 | 1476.9 |
        Temple |    219 |    196 |     23 |      0 |    191 |   1 |  219.0 |
         Abyss |     59 |     59 |      0 |      0 |      0 |   1 |   59.0 |
         Sewer |    242 |    242 |      0 |      0 |    161 |   1 |  242.0 |
               +--------+--------+--------+--------+--------+-----+--------+

Top non-repeatable levels by time:
     D:6: 2591 daAuts
     D:7: 1925 daAuts
     D:8: 1755 daAuts
     D:5: 1381 daAuts
     D:1: 1259 daAuts
     D:9: 1200 daAuts
     D:2: 1184 daAuts
     D:4: 1013 daAuts
     D:3: 980 daAuts
   Sewer: 242 daAuts
  Temple: 219 daAuts
 Abyss:2: 59 daAuts

Table legend:
 A = Non-vault XP
 B = Vault XP
 C = Vault XP percentage of total XP
 D = Non-vault monster count
 E = Vault monster count
 F = Vault count percentage of total count
                 A         B        C        D         E       F
            +---------+---------+-------+---------+---------+-------
      Total |    7374 |    6638 |  47.4 |     202 |      91 |  31.1
            +---------+---------+-------+---------+---------+-------
        D:1 |      45 |       0 |   0.0 |      26 |       0 |   0.0
        D:2 |      38 |      12 |  24.0 |      16 |      12 |  42.9
        D:3 |     192 |      49 |  20.3 |      30 |       5 |  14.3
        D:4 |     407 |       0 |   0.0 |      18 |       0 |   0.0
        D:5 |     646 |     411 |  38.9 |      13 |       6 |  31.6
        D:6 |     306 |    3609 |  92.2 |       9 |      53 |  85.5
        D:7 |    1247 |       0 |   0.0 |      39 |       0 |   0.0
        D:8 |    1137 |    1696 |  59.9 |      19 |       7 |  26.9
        D:9 |    3356 |     728 |  17.8 |      28 |       3 |   9.7
    Abyss:2 |       0 |       0 |   N/A |       4 |       0 |   0.0
      Sewer |       0 |     133 | 100.0 |       0 |       5 | 100.0
            +---------+---------+-------+---------+---------+-------
